 Dungeon Crawl Stone Soup version 0.30-a0-367-g839099abd5 (webtiles) character file.

Game seed: 12957107898067374746

130 Aramant the Trooper (level 5, 0/47 HPs)
             Began as a Hill Orc Fighter on Nov 18, 2022.
             Succumbed to a scorpion's poison
             ... on level 3 of the Dungeon.
             The game lasted 00:07:56 (392 turns).

Aramant the Trooper (Hill Orc Fighter)               Turns: 392, Time: 00:07:57

Health: 0/47       AC:  9    Str: 21    XL:     5   Next: 13%
Magic:  5/5        EV: 13    Int:  8    God:
Gold:   33         SH:  4    Dex: 10    Spells: 4/4 levels left

rFire   . . .      SeeInvis .    a - +0 war axe
rCold   . . .      Faith    .    c - +0 buckler
rNeg    . . .      Spirit   .    b - +0 scale mail
rPois   .          Reflect  .    (no helmet)
rElec   .          Harm     .    m - +1 cloak {Stlth+}
rCorr   .          Rampage  .    (no gloves)
Will    .....                    (no boots)
Stlth   +.........               (no amulet)
HPRegen 0.27/turn                e - +4 ring of evasion
MPRegen 0.09/turn                (no ring)

@: mighty, lethally poisoned (0 -> 0), attractive
A: no striking features
a: no special abilities


You were on level 3 of the Dungeon.
You visited 1 branch of the dungeon, and saw 4 of its levels.

You collected 33 gold pieces.

Inventory:

Hand Weapons
 a - a +0 war axe (weapon)
Armour
 b - a +0 scale mail (worn)
 c - a +0 buckler (worn)
 m - a +1 cloak of stealth (worn)
Jewellery
 e - a +4 ring of evasion (left hand)
Scrolls
 l - a scroll of identify {unknown}
Potions
 f - a potion of ambrosia {unknown}
 h - a potion of haste {unknown}
 j - a potion of magic {unknown}


   Skills:
 + Level 4.3 Fighting
 + Level 4.1 Axes
 + Level 4.3 Armour
 + Level 0.5 Dodging
 + Level 4.1 Shields


You had 4 spell levels left.
You didn't know any spells.
Your spell library contained the following spells:

 Spells                   Type           Power      Damage    Failure   Level
 Foxfire                  Conj/Fire      0%         2x1d4     83%         1
 Fireball                 Conj/Fire      0%         3d3       100%        5
 Starburst                Conj/Fire      0%         6d3       100%        6


Dungeon Overview and Level Annotations

Branches:
Dungeon (4/15)             Temple (0/1) D:4

Altars:
Trog

Shops:
D:1 !


Message History

* * * LOW HITPOINT WARNING * * *
You feel sick. You block the scorpion's attack.
The scorpion attacks as you move away! The scorpion barely misses you.
* * * LOW HITPOINT WARNING * * *
You feel sick. The scorpion attacks as you move away!
The scorpion barely misses you.
* * * LOW HITPOINT WARNING * * *
You feel sick.
The scorpion stings you but does no damage.
Your orc hits the scorpion with a +0 club.
Your orc wizard barely misses the scorpion.
Your orc hits the scorpion from afar with a +1 trident of protection.
Your orc hits the scorpion with a +1 short sword of venom.
The scorpion is poisoned.
* * * LOW HITPOINT WARNING * * *
You feel sick. The scorpion stings your orc!
Your orc dies!
Your orc's corpse dissolves into shadows!
Your orc priest hits the scorpion with a +0 whip.
Your orc misses the scorpion.
Your endoplasm freezes the scorpion.
The scorpion is frozen.
Your orc hits the scorpion but does no damage.
The scorpion looks even sicker.
Your orc misses the scorpion.
Your orc wizard hits the scorpion but does no damage.
* * * LOW HITPOINT WARNING * * *
You feel sick. The scorpion stings your orc!
Your orc dies!
Your orc's corpse dissolves into shadows!
Your orc wizard casts a spell at the scorpion.
The puff of flame hits the scorpion!
The scorpion dies!
Your Axes skill increases to level 4!
You have reached level 5!
You feel stronger.
Nothing quivered!
e - a +4 ring of evasion (left hand) It was a potion of attraction.
You feel attractive to monsters.
You die...

#.. #.###
##..##.#..
...##.#.#
#..##.#.#
#..##.#.#
#..##.J@#
#..##o..#
#(..ooo.#
##.o..o.#
##..o##$.#
#(....#..#####..
##..>##.........
##.....#######.
###<#.#


You could see 2 friendly orc priests, a friendly orc wizard (summoned), 4
friendly orcs and a friendly endoplasm (summoned).

Vanquished Creatures
  3 gnolls (D:2)
  2 adders
  A dart slug (D:2)
  2 orcs (D:4)
  A ball python (D:4)
  A bat (D:2)
  3 endoplasms
  A hobgoblin (D:2)
  A frilled lizard (D:2)
  2 kobolds
  A rat (D:1)
18 creatures vanquished.

Vanquished Creatures (collateral kills)
  A scorpion (D:3)
1 creature vanquished.

Grand Total: 19 creatures vanquished

Notes
Turn   | Place    | Note
-------+----------+-------------------------------------------
     0 | D:1      | Aramant the Hill Orc Fighter began the quest for the Orb.
     0 | D:1      | Reached XP level 1. HP: 19/19 MP: 1/1
   122 | D:1      | Found Pobbezeh's Distillery.
   168 | D:2      | Found a bloodstained altar of Trog.
   182 | D:2      | Reached XP level 2. HP: 8/27 MP: 2/2
   219 | D:2      | Reached XP level 3. HP: 15/33 MP: 3/3
   343 | D:3      | Noticed a scorpion
   349 | D:4      | Found a staircase to the Ecumenical Temple.
   359 | D:4      | Reached XP level 4. HP: 40/40 MP: 4/4
   388 | D:3      | HP: 2/40 [poisoned by a scorpion]
   390 | D:3      | Killed a scorpion
   391 | D:3      | Reached XP level 5. HP: 1/47 MP: 5/5
   392 | D:3      | Succumbed to a scorpion's poison

Illustrated notes

Levels and vault maps discovered:
D:1:      dpeg_arrival_snail, layout_loops_ring, serial_shops, shop
D:2:      layout_rooms, basic_altar
D:3:      layout_loops_ring, vehumet_statue, serial_shops, shop,
          minmay_quadrilaterals, uniq_terence, uniq_robin, uniq_jessica,
          uniq_natasha
D:4:      layout_cave_pools, mainiacjoe_overflow_boulevard,
          minmay_temple_entry_stoned_glass, uniq_sigmund

Skill      XL: |  1  2  3  4 |
---------------+-------------+-----
Axes           | 3 4 |  4.1
Fighting       | 4 |  4.3
Armour         | 4 |  4.3
Shields        | 4 |  4.1
Dodging        | |  0.5

Action                   |  1- 3 |  4- 6 || total
-------------------------+-------+-------++-------
Melee: War axe           |    41 |    10 ||    51
  Use: Potion            |     1 |     2 ||     3
       Scroll            |       |     1 ||     1
Armor: Scale mail        |    15 |    17 ||    32
Dodge: Dodged            |    20 |    13 ||    33
Block: Buckler           |    12 |     4 ||    16

Table legend: (Time is in decaauts)
 A = Elapsed time spent in this place.
 B = Non-inter-level travel time spent in this place.
 C = Inter-level travel time spent in this place.
 D = Time resting spent in this place.
 E = Time spent auto-exploring this place.
 F = Levels seen in this place.
 G = Mean time per level.
                   A        B        C        D        E       F      G
               +--------+--------+--------+--------+--------+-----+--------+
         Total |    409 |    261 |    148 |     94 |      4 |   4 |  102.2 |
       Dungeon |    409 |    261 |    148 |     94 |      4 |   4 |  102.2 |
               +--------+--------+--------+--------+--------+-----+--------+

Top non-repeatable levels by time:
     D:2: 194 daAuts
     D:1: 157 daAuts
     D:4: 34 daAuts
     D:3: 23 daAuts
